 Dungeon Crawl Stone Soup version 0.17-a0-1562-g9b2c768 (webtiles) character file.

44 Ladykiller69 the Shield-Bearer (level 3, 6/29 HPs)
             Began as a Formicid Fighter on July 20, 2015.
             Was an Initiate of Cheibriados.
             Quit the game on level 6 of the Dungeon.
             The game lasted 00:04:39 (1237 turns).

Ladykiller69 the Shield-Bearer (Formicid Fighter)   Turns: 1237, Time: 00:04:39

Health: 6/29       AC:  8    Str: 22    XL:     3   Next: 87%
Magic:  3/3        EV:  8    Int:  8    God:    Cheibriados [......]
Gold:   70         SH:  9    Dex: 11    Spells: 0 memorised, 2 levels left

rFire  . . .     SeeInvis +     a - +0 war axe
rCold  . . .     Clarity  .     b - +0 scale mail
rNeg   . . .     SustAt   .     c - +0 shield
rPois  .         Gourm    .     (helmet unavailable)
rElec  .         Spirit   .     (no cloak)
rCorr  .         Warding  .     j - +0 pair of gloves
rMut   .         Stasis   +     (no boots)
MR     .....                    (no amulet)
Stlth  ..........               (no ring)
                                (no ring)

@: very slow, not resistant to hostile enchantments, extremely unstealthy
A: permanent stasis, dig shafts and tunnels, four strong arms, antennae 3
a: Dig, Shaft Self, Bend Time, Renounce Religion


You were on level 6 of the Dungeon.
You worshipped Cheibriados.
Cheibriados was noncommittal.
You were not hungry.

You visited 2 branches of the dungeon, and saw 6 of its levels.

You collected 70 gold pieces.

Inventory:

Hand weapons
 a - a +0 war axe (weapon)
Missiles
 i - 3 tomahawks (quivered)
Armour
 b - a +0 scale mail (worn)
 c - a +0 shield (worn)
 j - a +0 pair of gloves (worn)
Scrolls
 g - 2 scrolls of magic mapping {unknown}
 l - 2 scrolls of remove curse {unknown}
 m - a scroll of identify {unknown}
Potions
 d - a potion of might
 k - a potion of haste {unknown}
Comestibles
 e - 2 bread rations
 f - a meat ration
 h - a chunk of flesh


   Skills:
 + Level 3.5 Fighting
 * Level 2.6 Axes
 + Level 3.7 Armour
 + Level 4.2 Shields


You had 2 spell levels left.
You didn't know any spells.

Dungeon Overview and Level Annotations

Branches:
Dungeon (6/15)             Temple (1/1) D:4

Altars:
Cheibriados
Elyvilon
Fedhas
Gozag
Kikubaaqudgha
Makhleb
Qazlal
Sif Muna
Xom
Yredelemnul
Zin
The Shining One

Annotations:
D:2 Natasha
D:4 Menkaure


Innate Abilities, Weirdness & Mutations

You are under a permanent stasis effect.
You can dig through walls and to a lower floor.
Your four strong arms can wield two-handed weapons with a shield.
You have a pair of large antennae on your head (SInv).


Message History

Menkaure casts a spell.
Menkaure seems to speed up.
Menkaure calls on the powers of darkness!
Your body is wracked with pain!
Menkaure calls on the powers of darkness!
Your body is wracked with pain!
Use which ability? (? or * to list) Are you sure you want to shaft yourself?
You feel somewhat more hungry.
Menkaure calls on the powers of darkness!
Your body is wracked with pain!
* * * LOW HITPOINT WARNING * * *
You begin to dig a shaft.
You continue digging a shaft.
A shaft appears beneath you!
You fall through a shaft for 2 floors!
The shaft crumbles and collapses. 2 orcs, an orc warrior and an orc wizard come into view.
The orc wizard shouts!
The orc shouts!
The orc shouts!
Found a scroll labeled HAFIAF NUFRIYBB.
Are you sure you want to abandon this character and quit the game? (Confirm with "yes".)

#+###
####...#
#.....?#
#......#
#.....o#
+...o..#
#o..o@+
###+###


You could see an orc warrior, an orc wizard and 2 orcs.

Vanquished Creatures
  2 oozes (D:1)
  6 goblins
  7 hobgoblins
  A quokka (D:4)
  2 giant cockroaches (D:1)
  3 giant geckos (D:1)
  5 kobolds
  9 rats
35 creatures vanquished.

Notes
Turn   | Place    | Note
--------------------------------------------------------------
     0 | D:1      | Ladykiller69 the Formicid Fighter began the quest for the Orb.
     0 | D:1      | Reached XP level 1. HP: 18/18 MP: 1/1
    45 | D:1      | Reached XP level 2. HP: 24/24 MP: 2/2
   290 | D:1      | Reached skill level 4 in Shields
   305 | D:1      | Reached XP level 3. HP: 19/29 MP: 3/3
   780 | D:2      | Noticed Natasha
   795 | D:2      | You fall through a shaft for 2 floors!
  1113 | D:4      | Found a shimmering altar of Xom.
  1152 | D:4      | Found a staircase to the Ecumenical Temple.
  1161 | Temple   | Entered the Ecumenical Temple
  1205 | Temple   | Became a worshipper of Cheibriados the Contemplative
  1229 | D:4      | Noticed Menkaure
  1236 | D:4      | You fall through a shaft for 2 floors!
  1236 | D:6      | Noticed an orc warrior
  1237 | D:6      | Quit the game

Vault maps used:
D:1:      erik_arrival_gehennom
D:2:      bloody_trog, lemuel_round_altar, roderic_lattice_a,
          uniq_crazy_yiuf_cottage, uniq_natasha
D:3:      lemuel_crystal_altar, lemuel_doored_altar, minmay_misc_feat_plants,
          makhleb_blood_cavern_becter
D:4:      temple_pool_b, first_bread, kennysheep_flooded_box, uniq_menkaure
Temple:   triangle_lava_temple_11

Action                   || total
-------------------------++-------
Melee: War axe           ||    84
 Abil: Dig               ||     1
       Shaft Self        ||     2
  Eat: Pizza             ||     1
